 Dungeon Crawl Stone Soup version 0.24.0-1-gfbc8707122 (webtiles) character file.

Game seed: 15223553402495997703, levelgen mode: deterministic

3497 HouseUA the Slasher (level 9, -1/81 HPs)
             Began as a Deep Dwarf Arcane Marksman on Oct 25, 2019.
             Was a Believer of Nemelex Xobeh.
             Slain by a fire elemental (12 damage)
             ... summoned by a deep elf mage
             ... on level 10 of the Dungeon on Oct 26, 2019.
             The game lasted 02:14:49 (7434 turns).

HouseUA the Slasher (Deep Dwarf Arcane Marksman)    Turns: 7434, Time: 02:14:50

Health: -1/81      AC: 25    Str: 19 (20) XL:     9   Next: 80%
Magic:  0/0        EV:  8    Int: 12 (15) God:    Nemelex Xobeh [**....]
Gold:   224        SH:  3    Dex: 12 (14) Spells: 9/10 levels left

rFire    . . .     SeeInvis .   S - +1 falchion (protect)
rCold    . . .     Gourm    .   i - +0 buckler
rNeg     . . .     Faith    .   O - +3 plate armour
rPois    .         Spirit   .   s - +0 helmet
rElec    .         Reflect  .   T - +0 cloak
rCorr    .         Harm     .   k - +0 pair of gloves
MR       ++...                  (no boots)
Stlth    ..........             (no amulet)
HPRegen  0.00/turn              N - +2 ring of evasion
MPRegen  0.07/turn              w - ring of protection from magic

@: mighty, silence, protection aura, non-regenerating, heavily drained
A: damage resistance, heal wounds, sense surroundings 2, no regeneration
a: Heal Wounds, Draw Escape, Draw Destruction, Draw Summoning, Renounce Religion


You were on level 10 of the Dungeon.
You worshipped Nemelex Xobeh.
Nemelex Xobeh was pleased with you.
You were full.

You visited 2 branches of the dungeon, and saw 11 of its levels.

You collected 345 gold pieces.
You spent 121 gold pieces at shops.

Inventory:

Hand Weapons
 a - a +0 hand crossbow
 d - a +2 whip of electrocution
 j - a +3 battleaxe
 p - a +4 short sword
 q - a +0 morningstar
 u - a +0 spear
 v - a +0 halberd
 y - a +1 flail of venom
 z - a cursed -3 flail
 M - a +0 trident
 Q - a +0 flail
 S - a +1 falchion of protection (weapon)
 Y - a +0 shortbow
 Z - a +0 falchion
Missiles
 g - 36 sling bullets
 n - 147 arrows
 o - 5 boomerangs (quivered)
 U - 159 stones
 V - 4 bolts
Armour
 e - the +0 cloak of the Komodo Dragon {rCorr, unknown}
   (You found it on level 9 of the Dungeon)

   It provides partial protection from all sources of acid and corrosion.
 i - a +0 buckler (worn)
 k - a +0 pair of gloves (worn)
 s - a +0 helmet (worn)
 x - a +0 plate armour
 O - a +3 plate armour (worn)
 T - a +0 cloak (worn)
Jewellery
 c - a +5 ring of intelligence
 h - an uncursed ring of protection from cold
 l - an uncursed ring of see invisible
 w - a ring of protection from magic (right hand)
 N - a +2 ring of evasion (left hand)
Wands
 r - a wand of acid (7)
 L - a wand of enslavement (7)
 P - a wand of iceblast (8)
Scrolls
 b - 10 scrolls of identify
 m - a scroll of enchant weapon
 t - a scroll of immolation {unknown}
 E - a scroll of teleportation
 X - 2 scrolls of remove curse
Potions
 A - a potion of resistance
 C - a potion of brilliance
 H - a potion of haste
Comestibles
 f - 3 rations
 F - 2 chunks of flesh


   Skills:
 + Level 5.1(3.8) Fighting
 + Level 7.8(6.3) Long Blades
 + Level 0.4(0.0) Axes
 + Level 0.8(0.0) Maces & Flails
 + Level 1.4(0.2) Bows
 + Level 7.5(6.0) Crossbows
 + Level 2.1(0.9) Throwing
 + Level 5.9(4.5) Armour
 + Level 3.3(2.1) Dodging
 + Level 0.5(0.0) Stealth
 + Level 1.6(0.4) Shields
 + Level 1.0(0.0) Spellcasting
 + Level 2.9(1.6) Hexes


You had 9 spell levels left.
You knew the following spells:

 Your Spells              Type           Power        Failure   Level  Hunger
a - Corona                Hex            #......      100%        1    ##.....

Your spell library contained the following spells:

 Spells                   Type           Power        Failure   Level  Hunger
 Slow                     Hex            #.......     100%        2    ###....
 Inner Flame              Hex/Fire       #.......     100%        3    ####...
 Portal Projectile        Hex/Tloc       #.....       100%        3    ####...
 Cause Fear               Hex            #.........   100%        4    #####..
 Leda's Liquefaction      Hex/Erth       #.........   100%        4    #####..
 Bolt of Magma            Conj/Fire/Erth #.........   100%        5    ######.
 Iskenderun's Battlesphe  Conj/Chrm      #.......     100%        5    ######.
 Venom Bolt               Conj/Pois      #.........   100%        5    ######.
 Iron Shot                Conj/Erth      #.........   100%        6    #######
 Orb of Destruction       Conj           #.........   100%        7    #######
 Spellforged Servitor     Conj/Summ      #.........   100%        7    #######


Dungeon Overview and Level Annotations

Branches:
Dungeon (9/15)             Temple (1/1) D:7
   Lair: D:8-11         Orc: D:9-12

Altars:
Cheibriados
Dithmenos
Elyvilon
Fedhas
Gozag
Hepliaklqana
Kikubaaqudgha
Makhleb
Nemelex Xobeh
Okawaru
Qazlal
Ru
Sif Muna
Trog
Uskayaw
Vehumet
Wu Jian
Xom
Yredelemnul
Zin
The Shining One

Shops:
D:6 [   D:8 }:[


Innate Abilities, Weirdness & Mutations

You are resistant to damage.
You can heal yourself by infusing magical energy.
You passively map the area around you.
You do not regenerate.


Message History

A worker ant is nearby!
You feel very mighty all of a sudden. The worker ant bites you.
As you read the scroll labeled CEFANIBEAW, it crumbles to dust.
A profound silence engulfs you.
It was a scroll of silence.
The worker ant closely misses you. The worker ant bites you.
Unknown command.
Okay, then.
You slash the worker ant!
Your weapon exudes an aura of protection.
The worker ant is severely wounded.
You block the worker ant's attack.
Okay, then.
You slash the worker ant!
You kill the worker ant!
You barely miss the fire elemental.
The fire elemental is moderately damaged.
The fire elemental hits you. The fire elemental burns you!
You die...
Your body glows slightly and disappears.

, ####...aE##.......
,,, *#....###°#
....... * .....#..#
#e# .......
,>.##*#.##
#.##....... #.#
#l.#....... #.#
##..##* *# , , #.#
##°E#
####.#######E####
*#.......#...@...# #.
#.......#.......#
#.#.>.....#.......#
###.........#.......#
............#########
..###.......# *
#........# *
...#.##.### *##..#.
.#


You could see a deep elf mage, 2 fire elementals and a wyvern.

Vanquished Creatures
  3 water moccasins (D:9)
  2 orc warriors
  2 ice beasts
  5 sky beasts
  A black bear (D:7)
  2 phantoms (D:4)
  A necrophage (D:9)
  An ogre (D:9)
  3 centaurs
  2 bullfrogs
  2 scorpions
  2 howler monkeys (D:7)
  4 wights (D:9)
  3 crimson imps
  2 bullfrog zombies (D:6)
  4 hounds
  2 bullfrog skeletons
  4 orc priests
  An iguana (D:9)
  8 orc wizards
  7 worker ants
  An ogre zombie (D:9)
  A hound skeleton (D:8)
  2 worker ant zombies
  7 adders
  4 gnolls (D:6)
  2 orc zombies (D:9)
  A river rat (D:3)
  A shadow imp (D:7)
  4 worms
  2 leopard geckos
  26 orcs
  3 ball pythons
  6 bats
  2 giant cockroaches
  8 goblins
  2 hobgoblins (D:1)
  9 jackals
  6 kobolds
  5 quokkas
  4 frilled lizards
  A leopard gecko skeleton (D:6)
  8 rats
166 creatures vanquished.

Vanquished Creatures (collateral kills)
  A black bear (D:6)
  An orc priest (D:6)
  An orc wizard (D:6)
  7 orcs
10 creatures vanquished.

Vanquished Creatures (others)
  A howler monkey (D:7)
  A quokka (D:2)
2 creatures vanquished.

Grand Total: 178 creatures vanquished

Notes
Turn   | Place    | Note
-------+----------+-------------------------------------------
     0 | D:1      | HouseUA the Deep Dwarf Arcane Marksman began the quest for
                  | the Orb.
     0 | D:1      | Reached XP level 1. HP: 16/16 MP: 2/2
   359 | D:1      | Reached XP level 2. HP: 24/24 MP: 3/3
  1179 | D:2      | Reached skill level 1 in Fighting
  1238 | D:2      | Reached XP level 3. HP: 24/31 MP: 4/4
  1658 | D:2      | Reached XP level 4. HP: 25/38 MP: 5/5
  1731 | D:2      | Reached skill level 1 in Armour
  1757 | D:2      | Reached XP level 5. HP: 37/45 MP: 6/6
  2668 | D:3      | Found a radiant altar of Vehumet.
  2722 | D:3      | Found a glowing drain.
  3230 | D:3      | Found a shimmering blue altar of Sif Muna.
  3240 | D:3      | Found a basalt altar of Yredelemnul.
  3249 | D:3      | Found a blossoming altar of Fedhas.
  3253 | D:3      | Found a shimmering altar of Xom.
  3265 | D:3      | Found a sparkling altar of Nemelex Xobeh.
  3287 | D:3      | Became a worshipper of Nemelex Xobeh the Trickster
  3348 | D:4      | Received a gift from Nemelex Xobeh
  3365 | D:4      | Reached XP level 6. HP: 52/52 MP: 7/7
  3376 | D:4      | Reached skill level 5 in Crossbows
  3764 | D:4      | Reached XP level 7. HP: 50/61 MP: 8/8
  3991 | D:5      | Entered Level 5 of the Dungeon
  4087 | D:5      | Reached * piety under Nemelex Xobeh
  4139 | D:5      | Reached skill level 1 in Long Blades
  4173 | D:5      | Found a snail-covered altar of Cheibriados.
  4842 | D:6      | Reached skill level 1 in Throwing
  4842 | D:6      | Reached XP level 8. HP: 51/69 MP: 8/8
  5268 | D:6      | Found Didwyecvuf's Antique Armour Boutique.
  5282 | D:6      | Bought a pair of gloves for 121 gold pieces
  5739 | D:7      | Reached skill level 1 in Bows
  5811 | D:7      | Reached skill level 5 in Long Blades
  5919 | D:7      | Found a staircase to the Ecumenical Temple.
  5941 | D:7      | Gained mutation: You passively map the area around you.
                  | [Deep Dwarf growth]
  5941 | D:7      | Reached XP level 9. HP: 73/78 MP: 4/4
  5990 | D:7      | Reached skill level 5 in Armour
  6080 | Temple   | Entered the Ecumenical Temple
  6455 | D:7      | Received a gift from Nemelex Xobeh
  6795 | D:8      | Found Dippya's Gadget Boutique.
  6795 | D:8      | Reached ** piety under Nemelex Xobeh
  6825 | D:8      | Found Plog's Book Emporium.
  6884 | D:8      | Found Hopuyq's Armour Shop.
  6886 | D:8      | You fall into a shaft and drop 1 floor!
  6902 | D:9      | Found a transporter.
  7032 | D:9      | Found a bloodstained altar of Trog.
  7032 | D:9      | Found a transporter.
  7109 | D:9      | Reached skill level 5 in Fighting
  7109 | D:9      | Reached skill level 1 in Shields
  7138 | D:9      | Got a polished cloak
  7179 | D:9      | Received a gift from Nemelex Xobeh
  7383 | D:9      | You fall into a shaft and drop 1 floor!
  7383 | D:10     | Entered Level 10 of the Dungeon
  7401 | D:10     | Noticed a deep elf mage
  7434 | D:10     | Slain by a fire elemental

Levels and vault maps discovered:
D:1:      kilobyte_arrival_exit_the_forest, layout_basic,
          hangedman_abyss_or_decor_lesser_grid
D:2:      layout_basic, first_ration, minmay_tromino_v4_c
D:3:      layout_loops_ring, minitemple, overflow_temple_1_default,
          portal_sewer_entry_c
D:4:      layout_cave_pools
D:5:      layout_loops_ring, lemuel_crystal_altar
D:6:      layout_cave_pools, serial_shops, nicolae_shop_crystal
D:7:      layout_loops_ring, minmay_temple_entry_stoned_glass
D:8:      layout_rooms, david_lair_shrubbed, serial_shops, shop, shop_fountains,
          shop, shop, shop, basic_altar
D:9:      gammafunk_cloud_chamber, layout_cave_pods, old_standard_altar,
          kennysheep_mini_moat, special_room [special_room_bee]
D:10:     cheibrodos_fzero, layout_rooms, minmay_orc_entry_temple_small,
          grunt_pizzeria
Temple:   oiseaux_autumnal_temple

Skill      XL: |  1  2  3  4  5  6  7  8  9 |
---------------+----------------------------+-----
Fighting       | 1 2 3 4 5 |  5.1
Crossbows      | 3 4 6 7 |  7.5
Armour         | 1 2 3 4 5 |  5.9
Long Blades    | 2 5 7 |  7.8
Throwing       | 1 2 |  2.1
Dodging        | 3 |  3.3
Bows           | 1 |  1.4
Shields        | 1 |  1.6
Axes           | |  0.4
Maces & Flails | |  0.8
Stealth        | |  0.5
Spellcasting   | |  1.0
Hexes          | |  2.9

Action                   |  1- 3 |  4- 6 |  7- 9 || total
-------------------------+-------+-------+-------++-------
Melee: Hand axe          |    21 |     8 |       ||    29
       Morningstar       |       |    21 |       ||    21
       Dagger            |       |     9 |       ||     9
       Falchion          |       |       |   874 ||   874
 Fire: Hand crossbow     |    59 |   185 |    36 ||   280
       Shortbow          |       |       |     9 ||     9
Throw: Boomerang         |       |       |    38 ||    38
 Abil: Heal Wounds       |       |     5 |    36 ||    41
       Draw Summoning    |       |     3 |     4 ||     7
       Draw Destruction  |       |     1 |     5 ||     6
       Draw Escape       |       |       |     1 ||     1
  Use: Potion            |     1 |     3 |     9 ||    13
       Scroll            |       |     4 |    10 ||    14
  Eat: Ration            |     1 |       |     5 ||     6
       Chunk             |       |     5 |     3 ||     8
Armor: Robe              |     1 |       |       ||     1
       Chain mail        |    37 |    94 |       ||   131
       Plate armour      |       |    40 |   863 ||   903
Dodge: Dodged            |    19 |    76 |   383 ||   478
Block: Buckler           |       |       |    39 ||    39
       Rpst.: Falchion   |       |       |   102 ||   102
